Map: Belladona EE

Players

midge - Winner!

  • Race: Protoss Protoss
  • League: Gold
  • Spawn Location: 11:00

MrFercho

  • Race: Zerg Zerg
  • League: Silver
  • Spawn Location: 5:00

VOD

Have the link to the VOD?

Description

Time

  • Played on: May 20, 2020, 11:03 p.m.
  • Length: 16:34
Show
View Real Time Build Order
Export as new Build Order

midge Protoss - Winner!

Build Orders: Forge Fast Expand (FFE) 

Get SALT Encoding   

  12  0:05  Probe (Chrono Boost)  
  13  0:16  Pylon  
  13  0:17  Probe (Chrono Boost)  
  14  0:26  Probe  
  15  0:38  Probe  
  15  0:39  Forge  
  16  0:51  Probe  
  17  1:03  Probe (Chrono Boost)  
  18  1:11  Pylon  
  18  1:14  Probe (Chrono Boost)  
  19  1:18  Probe (Chrono Boost)  
  20  1:32  Nexus  
  20  1:44  Photon Cannon  
  20  1:47  Probe  
  21  1:59  Photon Cannon  
  20  2:55  Gateway  
  20  2:57  Gateway  
  20  3:00  Gateway x2  
  20  3:04  Photon Cannon  
  20  3:08  Pylon  
  20  3:15  Probe (Chrono Boost)  
  21  3:26  Probe (Chrono Boost)  
  22  3:29  Gateway  
  22  3:30  Probe (Chrono Boost)  
  23  3:39  Photon Cannon  
  23  3:40  Photon Cannon  
  23  3:42  Probe  
  24  3:49  Zealot x2  
  24  3:50  Zealot  
  24  3:53  Zealot  
  32  4:02  Probe (Chrono Boost)  
  33  4:36  Zealot  
  33  4:37  Zealot x3  
  33  4:38  Zealot  
  43  4:44  Cybernetics Core  
  43  4:48  Photon Cannon  
  43  4:52  Photon Cannon  
  43  5:06  Gateway  
  43  5:07  Gateway  
  43  5:25  Assimilator  
  43  5:29  Assimilator  
  43  5:51  Probe (Chrono Boost)  
  43  5:56  Probe (Chrono Boost)  
  45  6:02  Probe (Chrono Boost)  
  47  6:04  Probe (Chrono Boost)  
  47  6:09  Probe (Chrono Boost)  
  47  6:11  Probe (Chrono Boost)  
  50  6:20  Probe (Chrono Boost)  
  50  6:21  Probe (Chrono Boost)  
  50  6:25  Probe (Chrono Boost)  
  51  6:30  Probe  
  53  6:37  Probe  
  54  7:06  Pylon  
  54  7:10  Pylon  
  54  7:18  Pylon  
  54  7:22  Pylon  
  54  7:27  Stalker  
  44  8:50  Probe (Chrono Boost)  
  46  8:55  Probe (Chrono Boost)  
  46  9:00  Probe (Chrono Boost)  
  48  9:03  Probe (Chrono Boost)  
  48  9:06  Probe (Chrono Boost)  
  48  9:08  Probe (Chrono Boost)  
  49  9:20  Probe  
  40  10:12  Nexus  
  38  11:39  Gateway  
  38  11:56  Pylon  
  38  11:57  Pylon  
  38  11:59  Pylon  
  38  12:00  Pylon  
  38  12:14  Probe  
  37  12:26  Probe  
  38  12:32  Zealot  
  40  12:38  Probe (Chrono Boost)  
  41  12:47  Probe (Chrono Boost)  
  42  12:52  Probe  
  43  12:59  Zealot  
  43  13:04  Probe  
  46  13:26  Zealot  
  48  13:39  Pylon  
  47  13:44  Pylon  
  47  13:47  Stalker x4  
  43  13:51  Stalker  
  43  13:53  Zealot  
  41  14:07  Probe (Chrono Boost)  
  42  14:17  Probe (Chrono Boost)  
  42  14:21  Zealot  
  42  14:22  Probe (Chrono Boost)  
  39  14:34  Probe  
  36  14:46  Probe  
  36  14:48  Zealot  
  39  15:15  Zealot  
  35  15:32  Probe (Chrono Boost)  
  34  15:42  Probe (Chrono Boost), Zealot  
  37  15:46  Probe (Chrono Boost)  
  38  15:58  Probe  
  38  16:10  Probe  
Show
View Real Time Build Order
Export as new Build Order

MrFercho Zerg 

Build Orders: Pool First 

Get SALT Encoding   

  12  0:02  Drone  
  13  0:13  Overlord  
  13  0:30  Drone  
  13  0:34  Drone x2  
  16  0:40  Extractor  
  16  0:41  Drone  
  16  0:42  Extractor  
  15  0:56  Spawning Pool  
  14  0:58  Drone  
  16  1:11  Drone  
  16  1:18  Drone  
  17  1:33  Drone  
  18  1:41  Pneumatized Carapace  
  18  1:48  Zergling x2  
  18  1:49  Zergling x2  
  19  2:20  Metabolic Boost  
  19  2:31  Drone x2  
  21  2:42  Hatchery  
  20  2:47  Drone  
  21  2:56  Overlord x2  
  21  3:01  Lair  
  21  3:32  Hatchery  
  20  3:34  Hatchery  
  20  3:35  Drone  
  19  4:37  Spire  
  19  4:38  Drone x3  
  21  4:46  Queen  
  23  4:58  Drone x3  
  26  5:01  Drone x2  
  28  5:07  Extractor  
  28  5:09  Extractor  
  26  5:18  Overlord  
  26  5:23  Queen  
  28  5:29  Drone  
  29  5:38  Drone x3  
  28  5:59  Mutalisk  
  28  6:00  Mutalisk x6  
  40  6:18  Mutalisk x3  
  44  6:58  Mutalisk  
  44  6:59  Mutalisk  
  46  7:51  Spine Crawler  
  38  7:53  Spine Crawler x2  
  38  7:54  Spine Crawler  
  22  8:27  Mutalisk  
  22  8:28  Mutalisk x2  
  28  8:50  Drone x2  
  28  8:51  Drone  
  28  9:52  Drone x3  
  30  10:47  Drone x3  
  33  10:55  Spawning Pool  
  28  11:54  Spine Crawler  
  24  12:31  Drone x3  
  27  14:10  Drone x2  
  27  14:11  Drone  
  22  15:45  Zergling x2  
  22  15:46  Zergling x4  
Tags
 
Add a new tag
Caveats
  • Supply blocks, unpowered buildings, or Contaminate may cause inaccurate times.
  • Supply counts are checked every 10 seconds.